[Event "*** Titled Tuesday Blitz"]
[Site "Chess.com"]
[Date "2020.05.12"]
[Round "4"]
[White "DenishevM"]
[Black "Hippotaner"]
[Result "0-1"]
[WhiteElo "2571"]
[BlackElo "2361"]
[TimeControl "180+1"]
[EndTime "10:36:54 PDT"]
[Termination "Hippotaner won by resignation"]

1. d4 Nf6 2. c4 e6 3. Nf3 Bb4+ 4. Bd2 a5 5. g3 b6 6. Bg2 Bb7 7. O-O O-O 8. Qc2 Bxd2 9. Nbxd2 d6 10. e4 Nbd7 11.
e5 dxe5 12. dxe5 Ne8 13. Rad1 Qe7 14. h4 h6 15. Ne4 a4 16. Rd2 Ra5 17. Rfd1 Nxe5 18.
Nxe5 Rxe5 19. Rd7 Qb4 20. f4 Bxe4 21. Bxe4 Rc5 22. b3 axb3 23. axb3 Nd6 24. Bf3 b5 25. Rd2 bxc4 26. bxc4 Rxc4 27. Qd3 Rc3 28. Qe2 Nf5 29.
Rd8 Nxg3 30. Rxf8+ Qxf8 31. Qd1 Qc5+ 32. Kg2 Nf5 0-1

[Event "*** Titled Tuesday Blitz"]
[Site "Chess.com"]
[Date "2020.05.12"]
[Round "4"]
[White "CakeinSpace2002"]
[Black "chesstatour"]
[Result "1-0"]
[WhiteElo "2214"]
[BlackElo "1926"]
[TimeControl "180+1"]
[EndTime "10:36:54 PDT"]
[Termination "CakeinSpace2002 won by resignation"]

1. e4 c6 2. d3 d5 3. Nd2 g6 4. g3 Bg7 5. Bg2 e5 6. Ngf3 f5 7. O-O Ne7 8. Re1 Qc7 9. b3 O-O 10. Bb2 dxe4 11. dxe4 f4 12. Nc4 Nd7 13. Qd6 Qxd6 14.
Nxd6 Nb6 15. Bxe5 fxg3 16. hxg3 Bg4 17. Bxg7 Kxg7 18. Nh2 Bc8 19. Rad1 c5 20. f4 Nc6 21. c3 Rb8 22. e5 Be6 23. Bxc6 bxc6 24. c4 a5 25. Rd3 a4 26. Red1 axb3 27. axb3 Nd7 28. R1d2 Rf7 29. Nxf7 Kxf7 30. Rxd7+ Bxd7 31. Rxd7+ Ke6 32. Rd3 Ra8 33. Kf2 Kf5 34. Kf3 h5 35. Nf1 Ra1 36. Ne3+ 1-0

[Event "*** Titled Tuesday Blitz"]
[Site "Chess.com"]
[Date "2020.05.12"]
[Round "4"]
[White "XiaoKangZhong"]
[Black "Chessdude1987"]
[Result "1-0"]
[WhiteElo "2407"]
[BlackElo "2169"]
[TimeControl "180+1"]
[EndTime "10:36:55 PDT"]
[Termination "XiaoKangZhong won by resignation"]

1. e4 e6 2. d4 d5 3. Nd2 c5 4.
exd5 exd5 5. Ngf3 Nf6 6. Bb5+ Bd7 7. Bxd7+ Nbxd7 8. O-O Be7 9. dxc5 Nxc5 10. Nb3 Nxb3 11.
axb3 O-O 12. Be3 a6 13. Bd4 Ne4 14. c3 Bd6 15. b4 Bc7 16. Re1 Re8 17. Qd3 Qd6 18.
g3 Rad8 19. Re3 f5 20. Rae1 f4 21. R3e2 Qh6 22. Nd2 fxg3 23. hxg3 Nd6 24. Be5 Rxe5 25. Rxe5 Ne4 26. Rxd5 Qxd2 27. Qxd2 Nxd2 28. Rxd8+ Bxd8 29. Re8+ Kf7 30. Rxd8 Nc4 31. b3 Kf6 32. bxc4 1-0

[Event "*** Titled Tuesday Blitz"]
[Site "Chess.com"]
[Date "2020.05.12"]
[Round "4"]
[White "Zmeeed63"]
[Black "sergeikim"]
[Result "0-1"]
[WhiteElo "2180"]
[BlackElo "2413"]
[TimeControl "180+1"]
[EndTime "10:36:58 PDT"]
[Termination "sergeikim won by resignation"]

1. d4 Nf6 2. c4 g6 3. Nc3 Bg7 4. Nf3 d6 5. Bg5 O-O 6. e3 Nbd7 7. Be2 b6 8. O-O Bb7 9. b4 a5 10. b5 Ne4 11. Nxe4 Bxe4 12. Bd3 Bb7 13. Rc1 f6 14. Bh4 e5 15. dxe5 dxe5 16. Bb1 Nc5 17. Qe2 Qe7 18. Rfd1 Rae8 19. Ne1 g5 20. Bg3 f5 21.
Qh5 e4 22. Rd2 f4 23. exf4 gxf4 24. Bh4 Qe5 25. Qxe5 Bxe5 26. Rcd1 e3 27. fxe3 fxe3 28. Rd8 e2 0-1

[Event "*** Titled Tuesday Blitz"]
[Site "Chess.com"]
[Date "2020.05.12"]
[Round "4"]
[White "Gurvich_Vitaly"]
[Black "shav3184"]
[Result "1-0"]
[WhiteElo "2565"]
[BlackElo "2334"]
[TimeControl "180+1"]
[EndTime "10:36:59 PDT"]
[Termination "Gurvich_Vitaly won on time"]

1. e4 e5 2. Nf3 Nc6 3. Bb5 a6 4. Bxc6 dxc6 5. O-O Qd6 6. d3 Be6 7. Be3 O-O-O 8. Nbd2 f6 9. a3 g5 10. b4 Ne7 11.
Rb1 Ng6 12. Nb3 Bxb3 13. Rxb3 h5 14. Nd2 Nf4 15. a4 Qe6 16. b5 axb5 17. axb5 c5 18. Nc4 h4 19. Ra3 Be7 20. Ra8+ Kd7 21. Ra7 b6 22. Bxf4 gxf4 23. h3 Rdg8 24. Qf3 Rg7 25. Rfa1 Rhg8 26. Rb7 Rxg2+ 27. Qxg2 Rxg2+ 28. Kxg2 Kc8 29. Raa7 Bd8 30. Nxb6+ cxb6 31. Rg7 Kb8 32. Rad7 Bc7 33. Rxc7 f5 34. Rcf7 Qc8 35. Rxf5 c4 36. Rfg5 cxd3 37. cxd3 f3+ 38. Kxf3 Qxh3+ 39. Ke2 1-0

[Event "*** Titled Tuesday Blitz"]
[Site "Chess.com"]
[Date "2020.05.12"]
[Round "4"]
[White "Baby_Shak"]
[Black "Harut-1998"]
[Result "0-1"]
[WhiteElo "2467"]
[BlackElo "2759"]
[TimeControl "180+1"]
[EndTime "10:37:00 PDT"]
[Termination "Harut-1998 won by resignation"]

1. d4 Nf6 2. Bf4 c5 3. e3 d5 4. Nd2 Nc6 5. c3 cxd4 6. exd4 Bf5 7. Qb3 Qc8 8. Ngf3 e6 9. Be2 Ne4 10. O-O Bd6 11. Bxd6 Nxd6 12. Nh4 O-O 13. Nxf5 Nxf5 14. Bd3 Nd6 15. Rae1 b5 16. a3 Rb8 17. f4 f5 18.
Nf3 Ne4 19. Bxe4 fxe4 20. Ne5 Nxe5 21. fxe5 Qc4 22. Qb4 Rxf1+ 23. Rxf1 Qc7 24. a4 a5 25. Qb3 b4 26. cxb4 Rxb4 27. Qh3 Qe7 28. Rc1 Qd7 29. Rc5 Rxd4 30. Qc3 Rd1+ 31. Kf2 Qf7+ 32. Kg3 Rd3+ 33. Qxd3 Qg6+ 0-1

[Event "*** Titled Tuesday Blitz"]
[Site "Chess.com"]
[Date "2020.05.12"]
[Round "4"]
[White "secretsuperstar7"]
[Black "renehp"]
[Result "0-1"]
[WhiteElo "2206"]
[BlackElo "2423"]
[TimeControl "180+1"]
[EndTime "10:37:00 PDT"]
[Termination "renehp won by resignation"]

1. d4 Nf6 2. c4 e6 3. Nc3 Bb4 4.
Nf3 b6 5. e3 Bb7 6. Bd2 d5 7.
Be2 O-O 8. O-O a6 9. Ne5 Bd6 10. f4 c5 11. Bf3 cxd4 12. exd4 Nc6 13. cxd5 Nxd4 14. dxe6 Nxf3+ 15. Nxf3 Bc5+ 16. Kh1 fxe6 17. Be1 Qe7 18. Qe2 Nd5 19. Nxd5 Bxd5 20. Bh4 Qb7 21. Bg3 b5 22. Ng5 Rae8 23. b3 h6 24. Nf3 Rf5 25. Nh4 Rf6 26. f5 Re7 27. Ng6 Ref7 28. Ne5 Rf8 29. Rac1 Ba3 30. Rce1 Rxf5 31. Rxf5 Rxf5 32.
Nf3 Rxf3 33. Qe5 Rf5 34. Qe2 Bb4 0-1

[Event "*** Titled Tuesday Blitz"]
[Site "Chess.com"]
[Date "2020.05.12"]
[Round "4"]
[White "DanielTitichoca"]
[Black "Drags95"]
[Result "0-1"]
[WhiteElo "2348"]
[BlackElo "2717"]
[TimeControl "180+1"]
[EndTime "10:37:02 PDT"]
[Termination "Drags95 won by resignation"]

1. Nf3 Nf6 2. g3 g6 3. Bg2 Bg7 4. O-O O-O 5. b3 d6 6. Bb2 e5 7. c4 c6 8. d3 h6 9. c5 Re8 10.
cxd6 Qxd6 11. Nbd2 Nbd7 12. a3 Nb6 13. Rc1 Bf5 14. Nc4 Nxc4 15. Rxc4 Nd7 16. Qc2 Nb6 17. Rc5 e4 18. Nh4 exd3 19. Nxf5 gxf5 20. Qc1 Bxb2 21.
Qxh6 Qxh6 0-1

[Event "*** Titled Tuesday Blitz"]
[Site "Chess.com"]
[Date "2020.05.12"]
[Round "4"]
[White "MilanovicDan"]
[Black "silverback96"]
[Result "1-0"]
[WhiteElo "2572"]
[BlackElo "2241"]
[TimeControl "180+1"]
[EndTime "10:37:03 PDT"]
[Termination "MilanovicDan won by resignation"]

1. d4 Nf6 2. c4 c5 3. d5 b5 4. Nd2 b4 5. a3 bxa3 6. Rxa3 d6 7.
e4 g6 8. b3 Bg7 9. Bb2 O-O 10.
Ngf3 e5 11. Be2 Nh5 12. O-O f5 13. Ne1 Nf6 14. f3 f4 15. Nd3 g5 16. Bc3 Na6 17. Qa1 Nb4 18. Rxa7 Rxa7 19. Qxa7 Nc2 20. b4 cxb4 21.
Nxb4 Ne3 22. Nc6 Qe8 23. Rb1 g4 24. Rb8 Qg6 25. Ne7+ Kh8 26. Nxg6+ hxg6 27. c5 Nd7 28. c6 Nxb8 29. Qxb8 Rd8 30. Ba5 1-0

[Event "*** Titled Tuesday Blitz"]
[Site "Chess.com"]
[Date "2020.05.12"]
[Round "4"]
[White "ShieldingOff"]
[Black "YaWaleriy"]
[Result "1-0"]
[WhiteElo "2028"]
[BlackElo "2220"]
[TimeControl "180+1"]
[EndTime "10:37:03 PDT"]
[Termination "ShieldingOff won by resignation"]

1. d4 d5 2. c4 e6 3. Nf3 Nf6 4. Nc3 Be7 5. Bf4 O-O 6. e3 b6 7. cxd5 Nxd5 8. Nxd5 exd5 9. Bd3 c5 10. h3 Nc6 11.
O-O Be6 12. Rc1 c4 13. Bb1 b5 14. a3 a5 15. Re1 b4 16. axb4 axb4 17. e4 dxe4 18.
Bxe4 Bd5 19. Bb1 Bf6 20. Ne5 Bxe5 21. dxe5 Re8 22. Qg4 Qc8 23. Qg3 Qe6 24. Rcd1 Rad8 25. Bg5 Rd7 26. Bf6 g6 27. Qh4 h5 28. Qg5 1-0

[Event "*** Titled Tuesday Blitz"]
[Site "Chess.com"]
[Date "2020.05.12"]
[Round "4"]
[White "Msb2"]
[Black "Kirill_Klukin"]
[Result "1-0"]
[WhiteElo "2913"]
[BlackElo "2705"]
[TimeControl "180+1"]
[EndTime "10:37:04 PDT"]
[Termination "Msb2 won by resignation"]

1. d4 Nf6 2. c4 Nc6 3. Nf3 e6 4. Nc3 Bb4 5. Bd2 O-O 6. e3 d6 7. a3 Bxc3 8. Bxc3 Ne4 9. Qc2 Nxc3 10. Qxc3 Qe7 11. b4 e5 12. dxe5 Nxe5 13. Be2 a6 14.
O-O Bg4 15. Nd4 Qf6 16. Bxg4 Nxg4 17. h3 Ne5 18. c5 d5 19. a4 c6 20. b5 axb5 21.
axb5 Nc4 22. bxc6 bxc6 23. Rxa8 Rxa8 24. Ra1 Rc8 25. Ra7 h6 26. Qb4 Ne5 27. Qb7 Re8 28.
Ra6 Nd3 29. Nf3 Nxc5 30. Qxc6 Re6 31. Ra8+ Kh7 32. Qxc5 1-0

[Event "*** Titled Tuesday Blitz"]
[Site "Chess.com"]
[Date "2020.05.12"]
[Round "4"]
[White "KrolPawel92OnTwitch"]
[Black "Supernotar"]
[Result "0-1"]
[WhiteElo "2584"]
[BlackElo "2768"]
[TimeControl "180+1"]
[EndTime "10:37:04 PDT"]
[Termination "Supernotar won by resignation"]

1. d4 d5 2. Nf3 Nf6 3. g3 e6 4.
Bg2 Be7 5. O-O O-O 6. c3 b6 7. a4 a5 8. Nbd2 Bb7 9. Re1 Nbd7 10. Qc2 c5 11. dxc5 Nxc5 12. Ne5 Rc8 13. Ndf3 Qc7 14.
Bf4 Bd6 15. Rad1 Nh5 16. Ng5 g6 17. Nexf7 Nxf4 18. gxf4 Bxf4 19. b4 Bxh2+ 20. Kh1 Ne4 21. Nh6+ Kh8 22. Bxe4 dxe4 23. Qd2 e3+ 0-1

[Event "*** Titled Tuesday Blitz"]
[Site "Chess.com"]
[Date "2020.05.12"]
[Round "4"]
[White "TigranMukhutdinov"]
[Black "AwesomeMango"]
[Result "1-0"]
[WhiteElo "2429"]
[BlackElo "2230"]
[TimeControl "180+1"]
[EndTime "10:37:04 PDT"]
[Termination "TigranMukhutdinov won by resignation"]

1. Nf3 d5 2. g3 Nd7 3. d4 Ngf6 4.
Bg2 e6 5. O-O Be7 6. c4 O-O 7.
Nbd2 c6 8. Qc2 dxc4 9. Nxc4 c5 10. Rd1 Qe8 11. Bf4 Nd5 12. Nd6 Qd8 13. Nxc8 Rxc8 14.
dxc5 Rxc5 15. Qb3 Qc8 16. Bd2 Bf6 17. e4 N5b6 18. Bb4 Rb5 19. Bf1 Nc5 20. Qa3 Rxb4 21. Qxb4 Be7 22. Rac1 Nd3 23. Rxc8 Nxb4 24. Rxf8+ Kxf8 25. a3 Nc6 26. Bb5 Bc5 27. Bxc6 bxc6 28. Ne5 Ke7 29. Nxc6+ Kf6 30. b4 Bf8 31. Rd8 1-0

[Event "*** Titled Tuesday Blitz"]
[Site "Chess.com"]
[Date "2020.05.12"]
[Round "4"]
[White "letantha"]
[Black "Irishchessman16"]
[Result "0-1"]
[WhiteElo "2157"]
[BlackElo "2401"]
[TimeControl "180+1"]
[EndTime "10:37:04 PDT"]
[Termination "Irishchessman16 won by resignation"]

1. e4 c5 2. c3 Nf6 3. e5 Nd5 4. Nf3 Nc6 5. Bc4 Nb6 6. Bb3 d5 7. exd6 Qxd6 8. O-O Bf5 9. d4 cxd4 10. cxd4 e6 11.
Nc3 Be7 12. Be3 Bg4 13. h3 Bh5 14. Qe2 O-O 15. Rad1 Nb4 16. Ne4 Qd8 17. Ng3 Bg6 18. Ne5 Rc8 19. a3 N4d5 20. Rd2 Rc7 21. Rfd1 Qb8 22.
Nf1 Rfc8 23. f4 Be4 24. Ng3 Nxe3 25. Qxe3 Bd5 26. Bc2 Rxc2 27. f5 Rxd2 28. Rxd2 Nc4 29. Nxc4 Rxc4 30. Nh5 Rc1+ 31. Kf2 Qh2 32. Nf4 Qg1+ 33.
Ke2 Re1+ 0-1

[Event "*** Titled Tuesday Blitz"]
[Site "Chess.com"]
[Date "2020.05.12"]
[Round "4"]
[White "queen_iryna"]
[Black "Zakaryan_David"]
[Result "0-1"]
[WhiteElo "2317"]
[BlackElo "2499"]
[TimeControl "180+1"]
[EndTime "10:37:07 PDT"]
[Termination "Zakaryan_David won by resignation"]

1. d4 Nf6 2. Bg5 Ng8 3. Nc3 h6 4. Bc1 d5 5. Nf3 Bf5 6. Bf4 c6 7. e3 e6 8. Bd3 Bxd3 9. Qxd3 Bd6 10. Bxd6 Qxd6 11. Ne5 Nd7 12. f4 Ngf6 13. O-O a6 14. e4 O-O 15. Nxd7 Nxd7 16. e5 Qb4 17. f5 c5 18. f6 Qxd4+ 19. Qxd4 cxd4 20. Ne2 gxf6 21.
exf6 e5 22. Ng3 Kh7 23. Rae1 Rac8 24. Rf2 Rc6 25. Rd1 Nxf6 26. Re2 Re8 27. h3 Kg6 28. Nf1 Ne4 29. Nh2 f6 30. Nf3 Rec8 31. c3 dxc3 32. Rxd5 c2 0-1

[Event "*** Titled Tuesday Blitz"]
[Site "Chess.com"]
[Date "2020.05.12"]
[Round "4"]
[White "ural58"]
[Black "DryCounty"]
[Result "1-0"]
[WhiteElo "2470"]
[BlackElo "2609"]
[TimeControl "180+1"]
[EndTime "10:37:09 PDT"]
[Termination "ural58 won by resignation"]

1. e4 e5 2. f4 Bc5 3. Nf3 d6 4. c3 Nf6 5. fxe5 dxe5 6. Nxe5 O-O 7. d4 Bb6 8. Nxf7 Rxf7 9. Bc4 Nxe4 10. Bxf7+ Kxf7 11. O-O+ Nf6 12. Bg5 Nd7 13. Nd2 Qe7 14. Nc4 Kg8 15. Qb3 Kh8 16. Rae1 Qf7 17. Bxf6 Nxf6 18.
Nxb6 Be6 19. Qxe6 Qxe6 20. Rxe6 axb6 21. Re7 h6 22. Rxc7 Rxa2 23. Rb1 Nd5 24. Rxb7 Kh7 25. c4 Nf4 26. d5 Kg6 27. Rxb6+ Kf5 28. Rf1 1-0

[Event "*** Titled Tuesday Blitz"]
[Site "Chess.com"]
[Date "2020.05.12"]
[Round "4"]
[White "GothamChess"]
[Black "frankshar"]
[Result "1-0"]
[WhiteElo "2589"]
[BlackElo "2352"]
[TimeControl "180+1"]
[EndTime "10:37:09 PDT"]
[Termination "GothamChess won by resignation"]

1. e4 c6 2. d4 d5 3. e5 Bf5 4. h4 h6 5. g4 Bd7 6. c4 dxc4 7. Bxc4 e6 8. Nc3 c5 9. d5 exd5 10. Qxd5 Be6 11. Qxb7 Nd7 12. Bxe6 fxe6 13. Nf3 Rb8 14.
Qe4 Ne7 15. O-O Kf7 16. Rd1 Qc7 17. h5 g6 18. Rd6 Rb6 19. Be3 Bg7 20. Rad1 Nb8 21.
Qf4+ Kg8 22. Rd8+ Kh7 23. Rxh8+ Kxh8 24. Qf7 Nbc6 25. Qe8+ Kh7 26. Rd7 Qc8 27. hxg6+ 1-0

[Event "*** Titled Tuesday Blitz"]
[Site "Chess.com"]
[Date "2020.05.12"]
[Round "4"]
[White "lifeissofun"]
[Black "Leonid_Starozhilov"]
[Result "1/2-1/2"]
[WhiteElo "2350"]
[BlackElo "2642"]
[TimeControl "180+1"]
[EndTime "10:37:10 PDT"]
[Termination "Game drawn by repetition"]

1. e4 g6 2. Nf3 Bg7 3. d4 d6 4. Bc4 Nf6 5. Nc3 O-O 6. O-O Bg4 7. h3 Bxf3 8. Qxf3 Nc6 9. Be3 e5 10. d5 Nd4 11. Bxd4 exd4 12. Ne2 Nd7 13. Rad1 Re8 14.
Nxd4 Ne5 15. Qb3 Nxc4 16. Qxc4 Rxe4 17. c3 Qd7 18. Qd3 Rae8 19. Nf3 Qa4 20. a3 h6 21. Rd2 a6 22. Kh2 g5 23. Rdd1 Qd7 24. Rde1 Rxe1 25. Rxe1 Rxe1 26. Nxe1 Qe7 27. Nc2 Qe5+ 28. g3 h5 29. Ne3 h4 30. Nf5 hxg3+ 31. fxg3 Bf6 32. Ne3 Bg7 33. Nf5 Bf8 34. Ne3 Bg7 35. Nf5 1/2-1/2

[Event "*** Titled Tuesday Blitz"]
[Site "Chess.com"]
[Date "2020.05.12"]
[Round "4"]
[White "FMJoseHerrera"]
[Black "LogoCzar"]
[Result "1-0"]
[WhiteElo "2620"]
[BlackElo "2433"]
[TimeControl "180+1"]
[EndTime "10:37:11 PDT"]
[Termination "FMJoseHerrera won by resignation"]

1. Nf3 d5 2. g3 Nc6 3. Bg2 e5 4. c4 d4 5. O-O e4 6. Ne1 f5 7. d3 Nf6 8. Bg5 h6 9. Bxf6 Qxf6 10. dxe4 fxe4 11. Bxe4 Bh3 12. Bg2 Bxg2 13. Nxg2 O-O-O 14. Nd2 h5 15. h4 g5 16. Ne4 Qf5 17. Nxg5 Be7 18. Nf3 d3 19. e3 d2 20. Qe2 Qg4 21. Nf4 Rhg8 22. Rad1 Bxh4 23. Nxh4 Qxh4 24. Rxd2 Rxd2 25.
Qxd2 Ne5 26. Qd5 Qg5 27. Ne6 Qf6 28. Rd1 Nf3+ 29. Kf1 Nh2+ 30. Ke2 Kb8 31. Qd8+ Rxd8 32. Rxd8+ Qxd8 33. Nxd8 1-0

[Event "*** Titled Tuesday Blitz"]
[Site "Chess.com"]
[Date "2020.05.12"]
[Round "4"]
[White "ckgchess"]
[Black "Mikedannnn"]
[Result "1-0"]
[WhiteElo "2653"]
[BlackElo "2465"]
[TimeControl "180+1"]
[EndTime "10:37:12 PDT"]
[Termination "ckgchess won by resignation"]

1. e4 c5 2. c3 d6 3. d4 Nf6 4. dxc5 Nc6 5. Bd3 dxc5 6. Nf3 Bg4 7. h3 Bxf3 8. Qxf3 Ne5 9. Bb5+ Nfd7 10. Qg3 Qb6 11.
Na3 a6 12. Ba4 Qe6 13. O-O b5 14. Nxb5 axb5 15. Bxb5 Rc8 16. f4 Nc6 17. f5 Qxe4 18. Bg5 f6 19. Rae1 Qc2 20. Rf2 Qxf2+ 21. Kxf2 fxg5 22.
Qxg5 Kf7 23. Qh5+ g6 24. fxg6+ hxg6 25. Qxh8 1-0

[Event "*** Titled Tuesday Blitz"]
[Site "Chess.com"]
[Date "2020.05.12"]
[Round "4"]
[White "barbara25"]
[Black "AttilaTurzo"]
[Result "1/2-1/2"]
[WhiteElo "2310"]
[BlackElo "2472"]
[TimeControl "180+1"]
[EndTime "10:37:13 PDT"]
[Termination "Game drawn by repetition"]

1. e4 c5 2. Nf3 Nc6 3. Bb5 g6 4. O-O Bg7 5. c3 e5 6. d3 Nge7 7. Be3 d6 8. d4 exd4 9. cxd4 O-O 10. dxc5 dxc5 11. Qxd8 Rxd8 12. Nc3 Nd4 13. Rfd1 Bg4 14.
Bxd4 cxd4 15. Ne2 a6 16. Bd3 Nc6 17. h3 Bxf3 18. gxf3 b5 19. Rac1 Rac8 20. Kg2 Nb4 21. a3 Nc6 22. a4 Nb4 23. axb5 Nxd3 24. Rxd3 axb5 25. Rxc8 Rxc8 26. f4 Rc2 27. Nxd4 Bxd4 28. Rxd4 Rxb2 29. e5 Rb3 30. Rd8+ Kg7 31. Rd7 Kf8 32. Rb7 h5 33. h4 Ke8 34. Rb6 Ke7 35.
Rb7+ Ke6 36. Rb6+ Ke7 37. Rb7+ Kf8 38. Rb8+ Kg7 39. Rb7 Kg8 40. Rb8+ Kg7 41. Rb7 Kf8 42. Rb8+ Ke7 43. Rb7+ 1/2-1/2

[Event "*** Titled Tuesday Blitz"]
[Site "Chess.com"]
[Date "2020.05.12"]
[Round "4"]
[White "MaxLeto"]
[Black "cukin84"]
[Result "1-0"]
[WhiteElo "2336"]
[BlackElo "2108"]
[TimeControl "180+1"]
[EndTime "10:37:13 PDT"]
[Termination "MaxLeto won by resignation"]

1. g4 d5 2. Bg2 Bxg4 3. c4 Nf6 4. Qb3 Nbd7 5. Qxb7 Rb8 6. Qc6 Rb6 7. Qa4 e6 8. Nc3 Rb4 9. Qxa7 Rxc4 10. b3 Rb4 11.
Ba3 Rb6 12. Bxf8 Nxf8 13. Nf3 N8d7 14. Rc1 O-O 15. Na4 Rd6 16. Qxc7 Ne4 17. d3 Qxc7 18. Rxc7 Bxf3 19. Bxf3 Ng5 20. Bg2 f5 21. f4 Nf7 22.
Kd2 Nf6 23. Rg1 e5 24. fxe5 Ne8 25. exd6 1-0

[Event "*** Titled Tuesday Blitz"]
[Site "Chess.com"]
[Date "2020.05.12"]
[Round "4"]
[White "Rodchenkov_Vitalij"]
[Black "kismet6"]
[Result "1-0"]
[WhiteElo "2440"]
[BlackElo "1930"]
[TimeControl "180+1"]
[EndTime "10:37:14 PDT"]
[Termination "Rodchenkov_Vitalij won by resignation"]

1. d4 c5 2. d5 e5 3. c4 d6 4. e4 Be7 5. Nf3 Bg4 6. Be2 Bxf3 7. Bxf3 Bg5 8. Bxg5 Qxg5 9. O-O Nh6 10. Nc3 a6 11. Qb3 Qe7 12. Na4 O-O 13. Nb6 Ra7 14. a4 f5 15. a5 f4 16. Ra3 g5 17. Bd1 g4 18.
Qa4 Rf7 19. Nc8 Qg5 20. Nxa7 f3 21. Qe8+ Kg7 22. Nc8 Nd7 23. Nxd6 Nf6 24. Qe6 fxg2 25. Kxg2 Nh5 26. Nxf7 Nf4+ 27. Kg1 Nxf7 28. Qxg4 1-0

[Event "*** Titled Tuesday Blitz"]
[Site "Chess.com"]
[Date "2020.05.12"]
[Round "4"]
[White "Sesleria"]
[Black "Zarikovs1999"]
[Result "0-1"]
[WhiteElo "1981"]
[BlackElo "2371"]
[TimeControl "180+1"]
[EndTime "10:37:14 PDT"]
[Termination "Zarikovs1999 won on time"]

1. e4 c5 2. Nf3 Nf6 3. Nc3 Nc6 4.
e5 Ng4 5. Qe2 Qc7 6. Nb5 Qb8 7.
d4 cxd4 8. Bf4 f6 9. h3 Ngxe5 10. Nxe5 fxe5 11. O-O-O exf4 12. Qe4 g6 13. Bc4 Bg7 14. Rhe1 e6 15. c3 O-O 16. cxd4 d5 17. Bxd5 exd5 18. Qxd5+ Kh8 19. Nd6 Qc7 20. Kb1 Nb4 21. Qc5 Qxc5 22.
dxc5 Bf5+ 0-1

[Event "*** Titled Tuesday Blitz"]
[Site "Chess.com"]
[Date "2020.05.12"]
[Round "4"]
[White "GM_DarwinLaylo"]
[Black "Logman74"]
[Result "0-1"]
[WhiteElo "2522"]
[BlackElo "2370"]
[TimeControl "180+1"]
[EndTime "10:37:16 PDT"]
[Termination "Logman74 won by resignation"]

1. c4 Nf6 2. Nc3 g6 3. g3 Bg7 4. Bg2 O-O 5. e4 d6 6. Nge2 c5 7. O-O Nc6 8. d3 Bg4 9. f3 Bd7 10. g4 Ne8 11. h3 Nc7 12. Be3 Rb8 13. f4 b5 14. Qd2 bxc4 15. dxc4 Ne6 16. b3 Ned4 17.
Rad1 Qa5 18. f5 Nxe2+ 19. Nxe2 Qxd2 20. Rxd2 a5 21. Bxc5 Bh6 22. Rdd1 a4 23. f6 dxc5 24. Rxd7 exf6 25. Rxf6 Ne5 26. Rf1 Nxd7 0-1

[Event "*** Titled Tuesday Blitz"]
[Site "Chess.com"]
[Date "2020.05.12"]
[Round "4"]
[White "chenxiaoyuer"]
[Black "zmeeed67"]
[Result "0-1"]
[WhiteElo "2232"]
[BlackElo "2429"]
[TimeControl "180+1"]
[EndTime "10:37:18 PDT"]
[Termination "zmeeed67 won by checkmate"]

1. e4 c5 2. Nf3 e6 3. d4 cxd4 4. Nxd4 Nf6 5. Nc3 Bb4 6. e5 Nd5 7. Bd2 Bxc3 8. bxc3 O-O 9. Bd3 d6 10. exd6 Qxd6 11. O-O Nc6 12. Nxc6 Qxc6 13. c4 Ne7 14. Qh5 Ng6 15. Bc3 b6 16. Bxg6 hxg6 17. Qe5 f6 18. Qg3 Qxc4 19. Rad1 Bb7 20. Rd7 Be4 21. Qd6 Rfe8 22.
Ba1 Qc6 23. Qd4 e5 24. Qd2 Bxg2 25. Re1 Bh3 26. Rd6 Qg2# 0-1

[Event "*** Titled Tuesday Blitz"]
[Site "Chess.com"]
[Date "2020.05.12"]
[Round "4"]
[White "davigator"]
[Black "FMalexhdez"]
[Result "0-1"]
[WhiteElo "2366"]
[BlackElo "2042"]
[TimeControl "180+1"]
[EndTime "10:37:18 PDT"]
[Termination "FMalexhdez won by resignation"]

1. e4 c5 2. Nf3 d6 3. d4 cxd4 4. Nxd4 Nf6 5. Nc3 a6 6. Bg5 e6 7. f4 Be7 8. Qe2 Nbd7 9. O-O-O Qc7 10. g4 b5 11. a3 Bb7 12. Bg2 O-O-O 13. h4 Kb8 14. Rh3 Rc8 15. Kb1 Nb6 16. Rhd3 h6 17.
Bxf6 Bxf6 18. g5 hxg5 19. hxg5 Be7 20. Bf3 d5 21. Ndxb5 axb5 22. Nxb5 Qc4 23. Nc3 dxe4 24. Bxe4 Bxe4 25. Nxe4 Rhd8 26. Nc3 Rxd3 27. Rxd3 Qxf4 28.
g6 Bf6 29. gxf7 Bxc3 30. Rxc3 Rxc3 31. bxc3 Qxf7 32. Qe5+ Kb7 33. Qe4+ Kc7 34. Qe5+ Kc6 35. a4 Qf1+ 36. Kb2 Qc4 37. Qxg7 Nxa4+ 38. Ka3 Nxc3 39. Qe5 Qc5+ 40. Qxc5+ Kxc5 41. Kb3 Kd4 42. Kb4 e5 0-1

[Event "*** Titled Tuesday Blitz"]
[Site "Chess.com"]
[Date "2020.05.12"]
[Round "4"]
[White "madalin18"]
[Black "Aradej"]
[Result "0-1"]
[WhiteElo "2180"]
[BlackElo "2495"]
[TimeControl "180+1"]
[EndTime "10:37:18 PDT"]
[Termination "Aradej won by resignation"]

1. e4 d6 2. d4 Nf6 3. Nc3 e5 4. Nf3 Nbd7 5. Bc4 Be7 6. O-O O-O 7. Bg5 h6 8. Be3 c6 9. h3 b5 10. Bb3 b4 11. Ne2 Nxe4 12. Ng3 Nxg3 13. fxg3 exd4 14.
Nxd4 Ne5 15. Bf4 Qb6 16. Kh1 Ng6 17. c3 a5 18. Qh5 d5 19. Nf5 Bxf5 20. Qxf5 a4 21.
Bc2 a3 22. bxa3 bxc3 23. Rae1 Qd8 24. Qh5 Nxf4 25. Rxf4 Bg5 26. Rxf7 Rxf7 27. Qg6 Rf6 28. Qh7+ Kf7 29. h4 Bd2 30. Re2 Qg8 31. Qd3 Re8 32. h5 Rxe2 33. Qxe2 Qe8 34. Bg6+ Rxg6 35. hxg6+ Kf8 36.
Qf3+ Kg8 37. Kh2 Qxg6 38. g4 Kh7 0-1

[Event "*** Titled Tuesday Blitz"]
[Site "Chess.com"]
[Date "2020.05.12"]
[Round "4"]
[White "Riptide27"]
[Black "Igor_Lysyj"]
[Result "1/2-1/2"]
[WhiteElo "2588"]
[BlackElo "2788"]
[TimeControl "180+1"]
[EndTime "10:37:20 PDT"]
[Termination "Game drawn by agreement"]

1. d4 Nf6 2. c4 e6 3. Nc3 Bb4 4. e3 O-O 5. Bd2 b6 6. Nf3 Bxc3 7. Bxc3 Ne4 8. Rc1 Bb7 9. Bd3 d6 10. O-O Nxc3 11. Rxc3 Nd7 12. d5 e5 13. Nd2 a5 14.
f4 exf4 15. exf4 f5 16. Nf3 Qf6 17. Bb1 Nc5 18. Nd4 g6 19. Re1 Rae8 20. Rce3 Rxe3 21. Rxe3 Bc8 22. Bc2 Bd7 23. b3 Re8 24. Qd2 Qf7 25.
g3 Re7 26. Qe2 Kf8 27. Rxe7 Qxe7 28. Qxe7+ Kxe7 29. Kf2 Kf6 30. Ke3 h6 31. h4 Na6 32.
a3 Nc5 33. Kd2 h5 34. Ke3 Ke7 35. Kd2 Kd8 36. b4 axb4 37. axb4 Nb7 38. Nc6+ Ke8 39.
Nd4 Nd8 40. Bd1 1/2-1/2

[Event "*** Titled Tuesday Blitz"]
[Site "Chess.com"]
[Date "2020.05.12"]
[Round "4"]
[White "Antipov_Mikhail_Al"]
[Black "csati17"]
[Result "1-0"]
[WhiteElo "2870"]
[BlackElo "2532"]
[TimeControl "180+1"]
[EndTime "10:37:21 PDT"]
[Termination "Antipov_Mikhail_Al won by resignation"]

1. e4 e6 2. d4 d5 3. Nd2 Nf6 4. e5 Nfd7 5. f4 c5 6. c3 Nc6 7.
Ndf3 Qb6 8. g3 cxd4 9. cxd4 Bb4+ 10. Kf2 g5 11. fxg5 Ndxe5 12. Nxe5 Nxe5 13. Be3 Nc6 14. Nf3 Bd6 15. Rb1 Bd7 16. b4 Ne7 17. a4 Nf5 18. a5 Qd8 19. Bf4 Bxf4 20. gxf4 Qc7 21. Qd2 Nd6 22. Rc1 Qd8 23. Bd3 a6 24. Ne5 Bb5 25.
Bxb5+ axb5 26. Qd3 f6 27. Nf3 fxg5 28. Nxg5 Qf6 29.
Qe3 Kd7 30. Nf3 Rac8 31. Qe5 Ne4+ 32. Ke3 Rxc1 33. Rxc1 Qxe5 34. Nxe5+ 1-0